 Dungeon Crawl Stone Soup version 0.26.1-2-gb8aa6d0cf2 (webtiles) character file.

Game seed: 6300934224890368965

2719 phalm the Fighter (level 9, -1/60 HPs)
             Began as a Gargoyle Fighter on Mar 4, 2021.
             Was a Believer of Okawaru.
             Killed by Freeze
             ... invoked by Craboon's ghost
              (13 damage)
             ... on level 6 of the Dungeon.
             The game lasted 00:22:45 (7488 turns).

phalm the Fighter (Gargoyle Fighter)                Turns: 7488, Time: 00:22:45

Health: -1/60      AC: 20    Str: 22 (23) XL:     9   Next: 66%
Magic:  9/9        EV:  7    Int:  7 (9)  God:    Okawaru [**....]
Gold:   215        SH: 16    Dex:  8 (9)  Spells: 8/8 levels left

rFire    . . .     SeeInvis +   E - +0 whip (freeze)
rCold    . . .     Faith    .   n - +0 tower shield
rNeg     + . .     Spirit   .   F - +1 acid dragon scales
rPois    ∞         Reflect  .   s - +2 helmet
rElec    +         Harm     .   (no cloak)
rCorr    +         Rampage  .   (no gloves)
Will     .....                  D - +1 pair of boots
Stlth    +.........             y - amulet of magic regeneration
HPRegen  0.20/turn              C - ring of see invisible
MPRegen  0.36/turn              (no ring)

@: no status effects
A: negative energy resistance 1, electricity resistance, unbreathing,
petrification resistance, miasma immunity, AC +6
a: Renounce Religion, Heroism


You were on level 6 of the Dungeon.
You worshipped Okawaru.
Okawaru was pleased with you.
You visited 2 branches of the dungeon, and saw 7 of its levels.

You collected 215 gold pieces.

Inventory:

Hand Weapons
 E - a +0 whip of freezing (weapon)
Armour
 n - a +0 tower shield (worn)
 s - a +2 helmet (worn)
 D - a +1 pair of boots (worn)
 F - +1 acid dragon scales (worn)
Jewellery
 p - an uncursed ring of protection from fire
 u - an uncursed ring of fire
 y - an amulet of magic regeneration (around neck)
 C - a ring of see invisible (left hand)
Wands
 t - a wand of flame (29)
Scrolls
 a - 2 scrolls of amnesia
 b - 2 scrolls of identify
 c - 2 scrolls of magic mapping
 e - 2 scrolls of enchant armour {unknown}
 h - a scroll of enchant weapon {unknown}
 j - a scroll of noise
 q - 4 scrolls of fear {unknown}
 r - 2 scrolls of blinking {unknown}
 v - 4 scrolls of remove curse
 w - 2 scrolls of teleportation {unknown}
Potions
 d - a potion of might
 i - a potion of resistance {unknown}
 k - a potion of haste
 l - 4 potions of degeneration
 m - a potion of berserk rage {unknown}
 o - 2 potions of curing
 x - a potion of mutation {unknown}
 z - a potion of lignification {unknown}
 A - a potion of brilliance {unknown}
 B - 4 potions of ambrosia {unknown}
 G - a potion of attraction {unknown}


   Skills:
 * Level 8.4 Fighting
 * Level 7.0 Maces & Flails
 + Level 6.4 Armour
 * Level 8.2 Shields


You had 8 spell levels left.
You didn't know any spells.
Your spell library was empty.

Dungeon Overview and Level Annotations

Branches:
Dungeon (6/15)             Temple (1/1) D:5

Altars:
Ashenzari
Dithmenos
Elyvilon
Fedhas
Gozag
Hepliaklqana
Makhleb
Nemelex Xobeh
Okawaru
Ru
Sif Muna
Uskayaw
Xom
The Shining One

Shops:
D:4 :

Annotations:
D:6 Craboon's ghost, novice KoIE


Innate Abilities, Weirdness & Mutations

You are resistant to torment.
Your stone body is resilient. (AC +6)
You are immune to poison.
You resist negative energy. (rN+)
You are resistant to electric shocks. (rElec)
You can survive without breathing.
You are immune to petrification.
You are immune to miasma.


Message History

Craboon's ghost is severely damaged.
You miss Craboon's ghost.
Craboon's ghost is severely damaged.
You block Craboon's ghost's attack.
You miss Craboon's ghost.
Craboon's ghost is severely damaged.
Craboon's ghost barely misses you.
You miss Craboon's ghost.
Craboon's ghost is severely damaged.
Craboon's ghost points at you and mumbles some strange words.
You are frozen.
* * * LOW HITPOINT WARNING * * *
You feel better. You block Craboon's ghost's attack.
You feel better. You block Craboon's ghost's attack.
It was a potion of degeneration.
There was something very wrong with that liquid.
You feel weakened.
You feel dopey.
You feel clumsy.
Craboon's ghost gestures at you while chanting.
You are frozen.
You die...

#. .###.###..### ##)# #...
########..# #.##
#..###.###.###.# ##.##
##..##...#...##.# ##...##
##...####.###.##.######.###.#
#..#.##...#...##.......## #.#
.....#.#.#.#.#.#..###### ###
#..#(.#...#..#W.#
#.©#©.#.#.#.©#@.#
##.#..#...#..#.##
#.#.#.#.#.#.#.#
#.##...#...##.#
#.##.###.####.#
#.##...#...##.#
#.###.###.###.#
#..#########..#
##..###.###..##


You could see Craboon's ghost.

Vanquished Creatures
  Pikel (D:5)
  Maggie (D:6)
  Edmund (D:4)
  An ice beast (D:5)
  A phantom (D:6)
  A sky beast (D:4)
  2 centaurs
  3 ogres
  3 scorpions
  7 killer bees (D:6)
  A jelly (D:5)
  A bullfrog skeleton (D:5)
  3 orc priests
  3 hounds
  3 orc wizards
  2 worker ants
  A hound zombie (D:5)
  2 hound skeletons
  Robin (D:2)
  4 gnolls (D:5)
  15 adders
  2 adder zombies (D:5)
  An ooze (D:3)
  2 worms (D:2)
  5 dart slugs
  2 leopard geckos
  20 orcs
  6 ball pythons
  3 giant cockroaches
  13 hobgoblins
  A jackal (D:5)
  8 kobolds
  2 quokkas
  2 bats
  A frilled lizard (D:1)
  9 goblins
  A quokka skeleton (D:4)
  11 rats
146 creatures vanquished.

Notes
Turn   | Place    | Note
-------+----------+-------------------------------------------
     0 | D:1      | phalm the Gargoyle Fighter began the quest for the Orb.
     0 | D:1      | Reached XP level 1. HP: 14/14 MP: 1/1
   339 | D:1      | Reached XP level 2. HP: 12/19 MP: 2/2
  1017 | D:2      | Reached XP level 3. HP: 24/24 MP: 3/3
  1024 | D:2      | Noticed Robin
  1408 | D:2      | Found a broken altar of Ashenzari.
  1713 | D:2      | Found a burning altar of Makhleb.
  1891 | D:2      | Found a faded altar of an unknown god.
  2109 | D:2      | Reached XP level 4. HP: 29/29 MP: 4/4
  2127 | D:2      | Killed Robin
  2608 | D:3      | Reached XP level 5. HP: 14/34 MP: 5/5
  2613 | D:3      | HP: 1/34 [something/magic dart (8)]
  2771 | D:3      | Found a sparkling altar of Nemelex Xobeh.
  3065 | D:3      | Reached XP level 6. HP: 36/40 MP: 6/6
  3193 | D:3      | Reached skill level 5 in Fighting
  3495 | D:4      | Found Wivviwop's Book Shop.
  3565 | D:4      | Noticed Edmund
  3604 | D:4      | HP: 1/40 [Edmund/+3 dire flail of holy wrath (5)]
  3610 | D:4      | Killed Edmund
  3611 | D:4      | Reached skill level 5 in Shields
  3622 | D:4      | Reached XP level 7. HP: 25/44 MP: 7/7
  4074 | D:4      | Found a blossoming altar of Fedhas.
  4470 | D:4      | Found a sacrificial altar of Ru.
  4499 | D:5      | Entered Level 5 of the Dungeon
  4631 | D:5      | Found a white marble altar of Elyvilon.
  4958 | D:5      | Found a staircase to the Ecumenical Temple.
  4966 | Temple   | Entered the Ecumenical Temple
  5004 | Temple   | Became a worshipper of Warmaster Okawaru
  5091 | D:5      | Noticed Pikel
  5106 | D:5      | Reached skill level 5 in Armour
  5106 | D:5      | Reached XP level 8. HP: 42/51 MP: 8/8
  5136 | D:5      | Killed Pikel
  5136 | D:5      | Reached * piety under Okawaru
  5137 | D:5      | Reached skill level 5 in Maces & Flails
  5917 | D:5      | Reached XP level 9. HP: 53/57 MP: 9/9
  6158 | D:5      | Found a white marble altar of Elyvilon.
  6161 | D:5      | Found a shimmering altar of Xom.
  6370 | D:6      | Noticed Maggie
  6417 | D:6      | Killed Maggie
  6417 | D:6      | Reached ** piety under Okawaru
  6603 | D:6      | Found a shadowy altar of Dithmenos.
  6636 | D:6      | Found a hazy altar of Hepliaklqana.
  7016 | D:6      | Noticed Craboon's ghost (novice KoIE)
  7046 | D:6      | Found a transporter.
  7050 | D:6      | Found a transporter.
  7485 | D:6      | HP: 1/60 [Craboon's ghost/Freeze (17)]
  7488 | D:6      | Killed from afar by Craboon's ghost

Illustrated notes

Levels and vault maps discovered:
D:1:      dpeg_arrival_castle, layout_basic, serial_bayou_pond_a,
          amcnicky_mini_pool_small, chequers_avenue, minmay_cupped
D:2:      layout_basic, old_standard_altar, lemuel_doored_altar,
          chequers_ecumenical_altar_simple_redux, uniq_robin
D:3:      layout_loops_ring, nemelex_xobeh_ov_fountains_minmay, kennysheep_nub,
          minmay_snake_closets
D:4:      layout_loops_ring, lemuel_crystal_altar, kennysheep_little_box,
          serial_shops, shop, minmay_puff, uniq_edmund
D:5:      minmay_clustersquares, layout_loops_cross,
          gammafunk_temple_overflow_pools, minmay_temple_entry_mist,
          grunt_ministairs_4, dk_noncrumbling_4, elyvilon_altar_3, uniq_pikel
D:6:      wander_guarded_unrand_ratskin, layout_layer_cave,
          nicolae_dithmenos_through_a_glass_darkly, basic_altar,
          gammafunk_ghost_hive, kennysheep_path_1, uniq_maggie,
          uniq_blork_the_orc
Temple:   jpeg_temple_alley_garden

Skill      XL: |  1  2  3  4  5  6  7  8  9 |
---------------+----------------------------+-----
Fighting       | 4 5 6 7 8 |  8.4
Shields        | 4 5 6 7 8 |  8.2
Maces & Flails | 3 4 6 7 |  7.0
Armour         | 4 5 6 |  6.4

Action                   |  1- 3 |  4- 6 |  7- 9 || total
-------------------------+-------+-------+-------++-------
Melee: Flail             |   137 |   265 |   159 ||   561
       Whip              |       |       |   386 ||   386
Evoke: Wand              |       |       |     3 ||     3
  Use: Potion            |       |     2 |    10 ||    12
       Scroll            |       |       |     8 ||     8
 Stab: Invisible         |       |       |     1 ||     1
Armor: Scale mail        |    74 |       |       ||    74
       Chain mail        |     9 |   183 |   181 ||   373
       Acid dragon scale |       |       |   197 ||   197
Dodge: Dodged            |    54 |    39 |   149 ||   242
Block: Kite shield       |    66 |       |       ||    66
       Tower shield      |    21 |   285 |   512 ||   818
